Construct Section Command Post
Construct Platoon Command Post
Selects Heavy Armor Battlegroup
Selects Light Vehicle Withdraw and Refit
Selects Rigorous Vehicle Training
Light Vehicle Withdraw and Refit
Construct Field Infirmary
6-pounder Anti-tank Gun Team
Construct Company Command Post
Selects Forward Repair Assembly
6-pounder Anti-tank Gun Team
Selects UNKNOWN (2162094)
Unlock Towed 17-pounder Anti-tank Guns
17-pounder Anti-tank Gun Team